 Dungeon Crawl Stone Soup version 0.30-a0-715-gdb4ae3ece1 (console) character file.

Game seed: 12679591717173639373

186 Banquo the Magician (level 5, -8/38 HPs)
             Began as a Djinni Conjurer on Jan 23, 2023.
             Mangled by Menkaure (24 damage)
             ... on level 4 of the Dungeon.
             The game lasted 00:06:31 (2712 turns).

Banquo the Magician (Djinni Conjurer)               Turns: 2712, Time: 00:06:32

Health: -8/38      AC:  2    Str:  6    XL:     5   Next: 97%
Gold:   117        EV: 12    Int: 21    God:
                   SH:  0    Dex: 12

rFire   + + .      SeeInvis .    d - +0 short sword
rCold   x . .      Faith    .    (no shield)
rNeg    . . .      Spirit   .    a - +0 robe
rPois   ∞          Reflect  .    (no helmet)
rElec   .          Harm     .    (no cloak)
rCorr   .          Rampage  .    (no gloves)
Will    .....                    (boots unavailable)
Stlth   ++                       (no amulet)
HPRegen 0.26/turn                (no ring)
MPRegen 0.00/turn                (no ring)

@: flying
A: sickness immunity, fire resistance 2, cold vulnerability 1, float, innate
caster, HP casting, extra vitality 1
a: no special abilities


You were on level 4 of the Dungeon.
You visited 1 branch of the dungeon, and saw 4 of its levels.

You collected 117 gold pieces.

Inventory:

Hand Weapons
 d - a +0 short sword (weapon)
Missiles
 i - 2 boomerangs
Armour
 a - a +0 robe (worn)
 h - a +0 buckler
Jewellery
 e - an amulet of guardian spirit
Wands
 l - a wand of roots (9)
Scrolls
 f - 2 scrolls of fog {unknown}
 j - a scroll of fear {unknown}
 m - 2 scrolls of identify {unknown}
 n - a scroll of enchant weapon {unknown}
 p - a scroll of enchant armour {unknown}
 q - a scroll of noise {unknown}
 u - a scroll of teleportation {unknown}
 v - 3 scrolls of poison {unknown}
Potions
 b - a potion of magic
 c - 2 potions of flight {unknown}
 g - a potion of berserk rage {unknown}
 k - 2 potions of ambrosia {unknown}
 o - a potion of resistance {unknown}
 r - 2 potions of curing {unknown}
 s - a potion of lignification {unknown}
 t - a potion of mutation {unknown}


   Skills:
 * Level 2.0 Fighting
 - Level 2.1 Dodging
 - Level 1.5 Stealth
 * Level 1.2 Shields
 + Level 4.8 Spellcasting


You couldn't memorise any spells.
You knew the following spells:

 Your Spells              Type           Power      Damage    Failure   Level
a - Magic Dart            Conj           100%       1d8       1%          1
b - Sting                 Tmut/Pois      100%       1d8       1%          1
d - Dazzling Flash        Conj/Hex       50%        N/A       4%          3
m - Iskenderun's Mystic   Conj/Tloc      25%        2d7       16%         4
p - Fulminant Prism       Conj/Hex       12%        3d9       16%         4
r - Searing Ray           Conj           50%        2d6       2%          2
B - Blink                 Tloc           50%        N/A       2%          2
Your spell library was empty.

Dungeon Overview and Level Annotations

Branches:
Dungeon (4/15)
 Temple: D:4-7

Altars:

Shops:
D:2 !

Annotations:
D:4 Menkaure


Innate Abilities, Weirdness & Mutations

You are immune to sickness and miasma.
You are immune to poison.
Your flesh is very heat resistant. (rF++)
You are vulnerable to cold. (rC-)
You float through the air rather than walking.
You learn spells naturally, not from books.
Your magical power is your life essence.
You have superior vitality. (+4 MHP)


Message History

Casting: Magic Dart (safe; 1% risk of failure)
Confirm with . or Enter, or press ? or * to list all spells.
Aiming: Searing Ray (safe; 2% risk of failure)
Press: ? - help, Shift-Dir - straight line, f - Menkaure
Aim: Menkaure (dormant, 100% to hit)
The searing ray hits Menkaure.
Menkaure is moderately damaged.
Menkaure shouts! (Press . to maintain the ray.)
The orc shouts! x2; You hear a shout!
The orc shouts!
An orc comes into view. It is wielding a +0 flail.
An orc comes into view. It is wielding a +0 club.
The searing ray hits Menkaure.
Menkaure is heavily damaged.
The orc closely misses you.
An orc comes into view. It is wielding a +0 short sword.
The searing ray hits Menkaure.
Menkaure is severely damaged.
The hobgoblin shouts!
The orc shouts!
Menkaure gestures wildly while chanting.
Menkaure seems to speed up.
The searing ray misses Menkaure.
You finish channelling your searing ray.
Menkaure sighs, "Let me perform the rites..."
Menkaure gestures at you while chanting.
Pain shoots through your body! The orc hits you with a +0 dagger.
The orc closely misses you.
Casting: Searing Ray (safe; 2% risk of failure)
Confirm with . or Enter, or press ? or * to list all spells.
Aiming: Searing Ray (safe; 2% risk of failure)
Press: ? - help, Shift-Dir - straight line, f/p - Menkaure
Aim: Menkaure (severely damaged, fast, 90% to hit)
The searing ray hits Menkaure.
Menkaure is almost destroyed. (Press . to maintain the ray.)
The orc closely misses you. The orc hits you with a +0 mace.
The orc hits you with a +0 hand axe.
The searing ray misses Menkaure.
Menkaure hits you!!
Ouch! That really hurt!
You die...

.........
........#
.........
......o!#
.......o.
......go#
.......o#
.....)M@#
.....<.ooo....#
......<.#.###.#
#####.......
#.### #.# #. .#
#. # #.


You could see Menkaure (fast), 7 orcs and a hobgoblin.

Vanquished Creatures
  3 gnolls (D:2)
  8 adders
  A worm (D:2)
  2 dart slugs
  7 ball pythons
  6 endoplasms
  A giant cockroach (D:2)
  11 goblins
  5 hobgoblins
  6 jackals (D:1)
  3 quokkas
  4 bats
  5 frilled lizards
  7 kobolds
  10 rats
79 creatures vanquished.

Vanquished Creatures (others)
  3 fungi (D:4)
3 creatures vanquished.

Grand Total: 82 creatures vanquished

Notes
Turn   | Place    | Note
-------+----------+-------------------------------------------
     0 | D:1      | Banquo the Djinni Conjurer began the quest for the Orb.
     0 | D:1      | Banquo set off with the following spells memorised: Magic
                  | Dart, Searing Ray, Dazzling Flash, Fulminant Prism,
                  | Iskenderun's Mystic Blast.
     0 | D:1      | Reached XP level 1. HP: 15/15 MP: 0/0
   112 | D:1      | Reached XP level 2. HP: 16/22 MP: 0/0
   396 | D:1      | Reached XP level 3. HP: 23/26 MP: 0/0
   396 | D:1      | Learned a level 1 spell: Sting
   466 | D:1      | Reached skill level 1 in Fighting
   627 | D:1      | Reached skill level 4 in Spellcasting
   817 | D:2      | Found a faded altar of an unknown god.
   854 | D:2      | Reached XP level 4. HP: 26/32 MP: 0/0
  1101 | D:2      | Found Veptoist's Distillery.
  1352 | D:2      | Reached XP level 5. HP: 35/37 MP: 0/0
  1352 | D:2      | Learned a level 2 spell: Blink
  1371 | D:2      | Reached skill level 1 in Shields
  2706 | D:4      | Noticed Menkaure
  2712 | D:4      | Mangled by Menkaure

Illustrated notes

Levels and vault maps discovered:
D:1:      heliophobic_arrival_glass_houses, layout_basic
D:2:      minmay_spotlight, layout_basic,
          hellmonk_ecumenical_altar_slurped_away, serial_shops, shop,
          minmay_misc_feat_secret_circle
D:3:      layout_loops_ring
D:4:      layout_basic, tso_metal_star, nicolae_overflow_hidden_temple,
          nicolae_vehumet_altar_sigil, serial_aquarium,
          aquarium_bridge_long_joined [aquarium_subvault_wall,
          aquarium_subvault_bridge, aquarium_subvault_wall,
          aquarium_subvault_wall, aquarium_subvault_balcony,
          aquarium_subvault_bridge], aquarium_bridge_square
          [aquarium_subvault_wall, aquarium_subvault_bridge,
          aquarium_subvault_bridge, aquarium_subvault_bridge],
          aquarium_window_2, aquarium_window_corner, aquarium_view_2c,
          aquarium_pool_1, eino_small_chamber_without_monster, uniq_menkaure

Skill      XL: |  1  2  3  4  5 |
---------------+----------------+-----
Fighting       | 1 2 |  2.0
Spellcasting   | 4 |  4.8
Shields        | 1 |  1.2
Dodging        | |  2.1
Stealth        | |  1.5

Action                     |  1- 3 |  4- 6 || total
---------------------------+-------+-------++-------
   Cast: Magic Dart        |    73 |    78 ||   151
         Searing Ray       |       |     6 ||     6
  Dodge: Dodged            |     4 |     8 ||    12

Table legend: (Time is in decaauts)
 A = Elapsed time spent in this place.
 B = Non-inter-level travel time spent in this place.
 C = Inter-level travel time spent in this place.
 D = Time resting spent in this place.
 E = Time spent auto-exploring this place.
 F = Levels seen in this place.
 G = Mean time per level.
                   A        B        C        D        E       F      G
               +--------+--------+--------+--------+--------+-----+--------+
         Total |   2711 |   2509 |    202 |     15 |   2139 |   4 |  677.8 |
       Dungeon |   2711 |   2509 |    202 |     15 |   2139 |   4 |  677.8 |
               +--------+--------+--------+--------+--------+-----+--------+

Top non-repeatable levels by time:
     D:2: 1387 daAuts
     D:1: 774 daAuts
     D:3: 544 daAuts
     D:4: 5 daAuts
